 Dungeon Crawl Stone Soup version 0.17-a0-2231-gd80ca38 (webtiles) character file.

14157 Eldritch the Cleaver (level 11, -8/100 HPs)
             Began as a Deep Dwarf Fighter on Oct 31, 2015.
             Was an Elder of Makhleb.
             Killed from afar by RepHenryClay's ghost (40 damage)
             ... with a stone arrow
             ... on level 12 of the Dungeon.
             The game lasted 00:13:52 (8202 turns).

Eldritch the Cleaver (Deep Dwarf Fighter)           Turns: 8202, Time: 00:13:52

Health: -8/100     AC: 15    Str: 22    XL:     11   Next: 85%
Magic:  8/8        EV: 15    Int:  8    God:    Makhleb [****..]
Gold:   691        SH: 12    Dex: 15    Spells: 0 memorised, 10 levels left

rFire  . . .     SeeInvis +     n - +1 war axe (elec)
rCold  . . .     Clarity  .     u - +2 scale mail {MR+}
rNeg   + . .     SustAt   .     c - +0 shield
rPois  +         Gourm    .     (helmet restricted)
rElec  .         Spirit   .     P - +2 cloak {rPois}
rCorr  .         Warding  +     s - +0 pair of gloves
rMut   .         Stasis   .     (no boots)
MR     ++...                    j - amulet of warding
Stlth  +.........               p - +3 ring of dexterity
                                z - ring of see invisible

@: non-regenerating, very resistant to hostile enchantments, very unstealthy
A: damage resistance, recharge devices, beak, dopey 1, sense surroundings 2,
slow regeneration 3, subdued magic 1
a: Device Recharging, Minor Destruction, Lesser Servant of Makhleb, Major
Destruction, Renounce Religion


You were on level 12 of the Dungeon.
You worshipped Makhleb.
Makhleb was greatly pleased with you.
You were not hungry.

You visited 2 branches of the dungeon, and saw 13 of its levels.

You collected 691 gold pieces.

Inventory:

Hand Weapons
 n - a +1 war axe of electrocution (weapon)
Armour
 c - a +0 shield (worn)
 s - a +0 pair of gloves (worn)
 u - a +2 scale mail of magic resistance (worn)
 P - a +2 cloak of poison resistance (worn)
Jewellery
 j - an amulet of warding (around neck)
 p - a +3 ring of dexterity (right hand)
 q - an uncursed ring of poison resistance
 z - a ring of see invisible (left hand)
Wands
 a - a wand of lightning (8)
 b - a wand of draining (7)
 e - a wand of heal wounds (1)
 B - a wand of digging (19)
 D - a wand of frost (23)
 M - a wand of cold (6)
 R - a wand of polymorph (10)
 T - a wand of confusion (19)
Scrolls
 g - a scroll of noise {unknown}
 i - 8 scrolls of identify
 l - 10 scrolls of remove curse {unknown}
 m - a scroll of immolation {unknown}
 o - a scroll of amnesia {unknown}
 r - 3 scrolls of fear {unknown}
 t - 5 scrolls of teleportation {unknown}
 v - a scroll of recharging {unknown}
 x - 3 scrolls of enchant armour {unknown}
 A - a scroll of magic mapping {unknown}
 S - a scroll of blinking {unknown}
Potions
 d - 2 potions of might
 h - a potion of lignification
 k - a potion of poison
 w - 3 potions of curing
 C - a potion of agility
 F - a potion of invisibility {unknown}
 I - a potion of berserk rage {unknown}
 N - 2 potions of ambrosia {unknown}
 O - a potion of degeneration {unknown}
Books
 y - a book of Beasts

   Spells                             Type                      Level
   a - Summon Butterflies             Summoning                    1
   b - Call Canine Familiar           Summoning                    3
   c - Summon Ice Beast               Ice/Summoning                4
   d - Summon Mana Viper              Hexes/Summoning              5
   e - Summon Hydra                   Summoning                    7
 E - a book of Debilitation

   Spells                             Type                      Level
   a - Corona                         Hexes                        1
   b - Slow                           Hexes                        2
   c - Gell's Gravitas                Hexes/Translocation          3
   d - Inner Flame                    Hexes/Fire                   3
   e - Cause Fear                     Hexes                        4
   f - Leda's Liquefaction            Hexes/Earth                  4
 G - a book of Maledictions

   Spells                             Type                      Level
   a - Corona                         Hexes                        1
   b - Ensorcelled Hibernation        Hexes/Ice                    2
   c - Confuse                        Hexes                        3
   d - Tukima's Dance                 Hexes                        3
   e - Dazzling Spray                 Conjuration/Hexes            3
 L - a book of Enchantments

   Spells                             Type                      Level
   a - Cause Fear                     Hexes                        4
   b - Silence                        Hexes/Air                    5
   c - Deflect Missiles               Charms/Air                   6
   d - Haste                          Charms                       6
   e - Discord                        Hexes                        8
Comestibles
 f - 10 bread rations
 H - 10 fruits
 J - 6 slices of pizza
 K - 3 meat rations
 Q - a beef jerky


   Skills:
 + Level 7.5 Fighting
 + Level 10.1 Axes
 + Level 9.7 Armour
 + Level 9.7 Dodging
 - Level 2.4 Stealth
 + Level 10.0 Shields
 - Level 3.8 Evocations


You had 10 spell levels left.
You didn't know any spells.

Dungeon Overview and Level Annotations

Branches:
Dungeon (12/15)            Temple (1/1) D:7            Lair (0/8) D:8
    Orc (0/4) D:11

Altars:
Ashenzari
Cheibriados
Dithmenos
Elyvilon
Fedhas
Gozag
Kikubaaqudgha
Makhleb
Nemelex Xobeh
Okawaru
Qazlal
Ru
Sif Muna
Trog
Vehumet
Xom
Yredelemnul
Zin
The Shining One

Annotations:
D:12 RepHenryClay's ghost, journeyman DEEE


Innate Abilities, Weirdness & Mutations

You are resistant to damage.
You can recharge devices by infusing magical energy.
You passively map the area around you.
You do not regenerate naturally.
You have a beak for a mouth.
You are dopey. (Int -2)
Your spells are a little easier to cast, but a little less powerful.


Message History

You are electrocuted!
You miss RepHenryClay's ghost. Your peck misses RepHenryClay's ghost.
RepHenryClay's ghost is lightly damaged.
RepHenryClay's ghost hits you but does no damage.
You miss RepHenryClay's ghost.
RepHenryClay's ghost is lightly damaged.
RepHenryClay's ghost hits you but does no damage.
You are electrocuted!
You miss RepHenryClay's ghost.
RepHenryClay's ghost is lightly damaged.
RepHenryClay's ghost hits you but does no damage.
You closely miss RepHenryClay's ghost.
RepHenryClay's ghost is lightly damaged.
RepHenryClay's ghost hits you.
You miss RepHenryClay's ghost.
You peck RepHenryClay's ghost, but do no damage.
RepHenryClay's ghost is lightly damaged.
RepHenryClay's ghost gestures at you while chanting.
The stone arrow hits you!
You die...

* * ** * * * *, * * ,
#. , #. #.* *
#.####################*
* *
#........<............
,
#.(...................
#.............@W......
, ,
#..#########.####...##
* * #..# ## .# #..# *
#..# ,, ** **
#..######## * *
#.........., , , , , ,,
#..........,, , , , , ,
#..########* ** **


You could see RepHenryClay's ghost.

Vanquished Creatures
  The ghost of Chompa the Blocker, a journeyman FoFi of the Shining One (D:11)
  The ghost of Chompa the Blocker, a journeyman FoFi of the Shining One (D:11)
  A hydra (D:8)
  The ghost of mountaindew9 the Protected, a novice MiFi of Qazlal (D:11)
  The ghost of jestert79 the Spear-Bearer, a journeyman TeBe of Trog (D:11)
  Pikel (D:5)
  2 hill giants (D:11)
  An ugly thing (D:11)
  2 trolls
  The ghost of tself55 the Conjurer, a novice DEFE (D:5)
  A two-headed ogre (D:9)
  15 yaks
  2 wyverns (D:11)
  A wraith (D:11)
  2 humans (D:9)
  A hippogriff (D:10)
  A deep elf fighter (D:8)
  A steam dragon (D:11)
  4 vampire mosquitoes (D:12)
  Duvessa (D:5)
  3 phantoms
  5 ogres
  2 orc warriors
  3 slaves (D:5)
  3 sky beasts
  A necrophage (D:7)
  An eye of draining (D:9)
  A black bear (D:9)
  4 ice beasts
  3 centaurs
  A crocodile (D:8)
  3 big kobolds (D:8)
  4 giant frogs
  3 wyvern skeletons
  2 scorpions
  Dowan (D:5)
  3 killer bees (D:8)
  A water moccasin skeleton (D:7)
  5 hounds
  A quasit (D:10)
  2 giant frog zombies
  4 orc priests
  5 crimson imps
  2 centaur zombies
  A centaur skeleton (D:5)
  5 orc wizards
  Terence (D:2)
  2 iguanas
  2 sheep (D:8)
  10 worker ants
  A hound zombie (D:5)
  2 hound skeletons
  5 gnolls
  2 river rats (D:8)
  12 adders
  5 shadow imps
  An ooze (D:4)
  A worm (D:2)
  3 giant geckos
  21 orcs
  6 giant cockroaches
  7 hobgoblins
  2 kobolds (D:1)
  5 quokkas
  A ball python (D:6)
  19 bats
  A giant newt (D:3)
  6 goblins
  8 jackals
  3 jackal skeletons
  A quokka skeleton (D:4)
  8 rats
245 creatures vanquished.

Vanquished Creatures (others)
  A giant frog skeleton (D:5)
  A gnoll (D:5)
  A fungus (D:8)
  A plant (D:8)
4 creatures vanquished.

Grand Total: 249 creatures vanquished

Notes
Turn   | Place    | Note
--------------------------------------------------------------
     0 | D:1      | Eldritch the Deep Dwarf Fighter began the quest for the Orb.
     0 | D:1      | Reached XP level 1. HP: 20/20 MP: 1/1
   144 | D:1      | Reached XP level 2. HP: 24/27 MP: 2/2
   778 | D:2      | Reached XP level 3. HP: 17/33 MP: 3/3
   958 | D:2      | Noticed Terence
   966 | D:2      | Killed Terence
   966 | D:2      | Reached skill level 4 in Armour
   966 | D:2      | Reached skill level 1 in Dodging
   966 | D:2      | Reached XP level 4. HP: 26/40 MP: 4/4
  1369 | D:3      | You fall through a shaft for 2 floors!
  1369 | D:5      | Entered Level 5 of the Dungeon
  1389 | D:5      | Reached XP level 5. HP: 37/49 MP: 5/5
  1467 | D:5      | Noticed Dowan
  1489 | D:4      | Reached XP level 6. HP: 36/56 MP: 6/6
  1687 | D:3      | Found a glowing golden altar of the Shining One.
  2267 | D:4      | Found a shattered altar of Ashenzari.
  2486 | D:5      | Killed Dowan
  2533 | D:5      | Reached skill level 1 in Evocations
  2542 | D:5      | Noticed a slave
  2543 | D:5      | Noticed a slave
  2543 | D:5      | Noticed Pikel
  2544 | D:5      | Noticed a slave
  2547 | D:5      | Noticed a slave
  2551 | D:5      | Killed a slave
  2553 | D:5      | Killed a slave
  2563 | D:5      | Killed a slave
  2568 | D:5      | Killed Pikel
  2568 | D:5      | Reached skill level 5 in Armour
  2568 | D:5      | Reached skill level 5 in Shields
  2568 | D:5      | Reached XP level 7. HP: 37/64 MP: 6/8
  2574 | D:5      | Noticed a phantom
  2586 | D:5      | Killed a phantom
  2586 | D:5      | Reached skill level 5 in Axes
  2586 | D:5      | Reached XP level 8. HP: 41/72 MP: 9/9
  2679 | D:5      | Reached skill level 6 in Armour
  2680 | D:5      | Noticed a giant frog
  2686 | D:5      | Killed a giant frog
  2710 | D:5      | Noticed tself55's ghost (novice DEFE)
  2721 | D:5      | Killed tself55's ghost
  2730 | D:5      | Found a shadowy altar of Dithmenos.
  2739 | D:5      | Found a snail-covered altar of Cheibriados.
  3193 | D:5      | Noticed Duvessa
  3202 | D:5      | Killed Duvessa
  3202 | D:5      | Reached skill level 5 in Dodging
  3566 | D:6      | Reached skill level 7 in Armour
  4055 | D:6      | Found a stormy altar of Qazlal.
  4426 | D:7      | Gained mutation: You passively map the area around you. [Deep Dwarf growth]
  4426 | D:7      | Reached XP level 9. HP: 55/80 MP: 8/8
  4769 | D:7      | Reached skill level 5 in Fighting
  4769 | D:7      | Reached skill level 1 in Stealth
  4935 | D:7      | Gained mutation: Your spells are a little easier to cast, but a little less powerful. [mutagenic meat]
  4936 | D:7      | Gained mutation: You are dopey. (Int -2) [mutagenic meat]
  4937 | D:7      | Gained mutation: You have a beak for a mouth. [mutagenic meat]
  5035 | D:7      | Found a staircase to the Ecumenical Temple.
  5045 | Temple   | Entered the Ecumenical Temple
  5107 | Temple   | Became a worshipper of Makhleb the Destroyer
  5172 | D:8      | HP: 4/81 [orc priest/trident (3)]
  5180 | D:8      | Reached * piety under Makhleb
  5226 | D:8      | Found a staircase to the Lair.
  5682 | D:8      | Reached ** piety under Makhleb
  5711 | D:8      | Found a blossoming altar of Fedhas.
  5831 | D:8      | Reached skill level 8 in Armour
  5850 | D:8      | Reached XP level 10. HP: 41/88 MP: 9/9
  5882 | D:8      | Noticed a three-headed hydra
  5896 | D:8      | Killed a four-headed hydra
  6313 | D:9      | Reached *** piety under Makhleb
  6412 | D:9      | Found an iron altar of Okawaru.
  6543 | D:10     | Entered Level 10 of the Dungeon
  7165 | D:10     | Reached skill level 9 in Shields
  7478 | D:11     | Reached XP level 11. HP: 82/99 MP: 9/9
  7505 | D:11     | Noticed a hill giant
  7514 | D:11     | Killed a hill giant
  7587 | D:11     | Noticed a hill giant
  7593 | D:11     | Killed a hill giant
  7594 | D:11     | Noticed jestert79's ghost (journeyman TeBe)
  7596 | D:11     | Noticed a red ugly thing
  7601 | D:11     | Noticed mountaindew9's ghost (novice MiFi)
  7611 | D:11     | Killed jestert79's ghost
  7611 | D:11     | Reached **** piety under Makhleb
  7619 | D:11     | Killed a red ugly thing
  7645 | D:11     | Killed mountaindew9's ghost
  7657 | D:11     | Noticed Chompa's ghost (journeyman FoFi)
  7670 | D:11     | Killed Chompa's ghost
  7715 | D:11     | Reached skill level 10 in Axes
  7748 | D:11     | Found a staircase to the Orcish Mines.
  7754 | D:11     | Noticed Chompa's ghost (journeyman FoFi)
  7779 | D:11     | Killed Chompa's ghost
  8024 | D:12     | Reached skill level 10 in Shields
  8190 | D:12     | Noticed RepHenryClay's ghost (journeyman DEEE)
  8202 | D:12     | Killed from afar by RepHenryClay's ghost

Vault maps used:
D:1:      lightli_arrival_flooded_house
D:2:      uniq_terence
D:3:      marbit_many_paths, minmay_hedge_maze
D:4:      ashenzari_altar_1
D:5:      amethyst_overflow_temple_binary, first_bread, uniq_pikel, uniq_duvessa
D:6:      grunt_qazlal_clouds
D:7:      temple_hall, minmay_statues_item
D:8:      lemuel_crystal_altar, grunt_lair_entry_elf_guard_hut, hangedman_ranch
D:9:      okawaru_humans
D:11:     orc_0_dummy, spider_trap, minmay_door_square
Temple:   circular_temple_12

Action                   |  1- 3 |  4- 6 |  7- 9 | 10-12 || total
-------------------------+-------+-------+-------+-------++-------
Melee: War axe           |    77 |   158 |   243 |   320 ||   798
 Abil: Device Recharging |       |       |     3 |     2 ||     5
Evoke: Wand              |     1 |     4 |    10 |    15 ||    30
  Use: Scroll            |       |     1 |     1 |     1 ||     3
       Potion            |       |       |     5 |       ||     5
  Eat: Royal jelly       |       |     1 |     1 |       ||     2
       Meat ration       |       |     1 |     1 |       ||     2
       Pizza             |       |       |     1 |     1 ||     2
       Bread ration      |       |       |     1 |       ||     1
       Chunk             |       |       |     3 |       ||     3
       Fruit             |       |       |       |     2 ||     2
       Beef jerky        |       |       |       |     1 ||     1
